 Dungeon Crawl Stone Soup version 0.27-a0-242-ge0fc76b88b (webtiles) character file.

Game seed: 12381894214409156652

338 tilp the Covert (level 6, -1/53 HPs)
             Began as a Gnoll Delver on Feb 2, 2021.
             Was a Follower of Cheibriados.
             Slain by an orc
             ... wielding a +0 mace
              (4 damage)
             ... on level 4 of the Dungeon.
             The game lasted 00:06:29 (3742 turns).

tilp the Covert (Gnoll Delver)                      Turns: 3742, Time: 00:06:30

Health: -1/53      AC:  6    Str: 17    XL:     6   Next: 55%
Magic:  18/18      EV: 12    Int: 14    God:    Cheibriados [*.....]
Gold:   205        SH:  8    Dex: 15    Spells: 9/9 levels left

rFire    . . .     SeeInvis .   b - +1 dagger (flame)
rCold    . . .     Faith    .   n - +0 kite shield
rNeg     . . .     Spirit   .   l - +1 leather armour of Pride {*Drain rPois Str+4}
rPois    +         Reflect  .   (no helmet)
rElec    .         Harm     .   x - +0 cloak
rCorr    .         Rampage  .   m - +0 pair of gloves
Will     .....                  (no boots)
Stlth    ++++......             (no amulet)
HPRegen  0.17/turn              v - ring of magical power (curse)
MPRegen  0.16/turn              (no ring)

@: very slow
A: distributed training, fangs 1, strong nose
a: Renounce Religion, Bend Time


You were on level 4 of the Dungeon.
You worshipped Cheibriados.
Cheibriados was aware of your devotion.
You visited 1 branch of the dungeon, and saw 5 of its levels.

You collected 205 gold pieces.

Inventory:

Hand Weapons
 a - a +1 mace
 b - a +1 dagger of flaming (weapon)
 I - a +0 dagger
Missiles
 k - 81 sling bullets
 q - 117 stones
 y - 34 arrows
 C - 6 boomerangs
 D - 20 poisoned darts (quivered)
Armour
 j - a cursed +0 robe
 l - the +1 leather armour of Pride (worn) {*Drain rPois Str+4}
   (You found it on level 5 of the Dungeon)

   It affects your strength (+4).
   It protects you from poison.
   It causes draining when unequipped.
 m - a +0 pair of gloves (worn)
 n - a +0 kite shield (worn)
 o - a +0 chain mail
 x - a +0 cloak (worn)
 E - a +0 leather armour
Jewellery
 v - a cursed ring of magical power (left hand)
Wands
 g - a wand of digging (3)
Scrolls
 c - a scroll of fog
 d - 2 scrolls of magic mapping
 e - a scroll of fear
 i - 3 scrolls of teleportation
 t - 5 scrolls of remove curse
 u - a scroll of enchant armour {unknown}
 w - a scroll of enchant weapon
 B - a scroll of amnesia {unknown}
 F - a scroll of blinking {unknown}
 H - a scroll of immolation {unknown}
Potions
 f - a potion of cancellation {unknown}
 h - 4 potions of curing
 p - 2 potions of might
 s - a potion of flight
 z - a potion of invisibility {unknown}
 A - 2 potions of lignification
 G - a potion of heal wounds {unknown}


   Skills:
 + Level 6.8 Fighting
 + Level 2.0 Short Blades
 + Level 2.0 Long Blades
 + Level 2.0 Axes
 + Level 5.0 Maces & Flails
 + Level 2.0 Polearms
 + Level 2.0 Staves
 + Level 2.0 Slings
 + Level 2.0 Bows
 + Level 2.0 Crossbows
 + Level 2.0 Throwing
 + Level 2.0 Armour
 + Level 5.0 Dodging
 + Level 9.7 Stealth
 + Level 2.0 Shields
 + Level 2.0 Unarmed Combat
 + Level 2.0 Spellcasting
 + Level 1.6 Conjurations
 + Level 1.6 Hexes
 + Level 1.6 Summonings
 + Level 1.6 Necromancy
 + Level 1.6 Translocations
 + Level 1.6 Transmutations
 + Level 1.6 Fire Magic
 + Level 1.6 Ice Magic
 + Level 1.6 Air Magic
 + Level 1.6 Earth Magic
 + Level 1.6 Poison Magic
 + Level 2.2 Invocations
 + Level 2.0 Evocations


You had 9 spell levels left.
You didn't know any spells.
Your spell library was empty.

Dungeon Overview and Level Annotations

Branches:
Dungeon (5/15)
 Temple: D:4-7

Altars:
Cheibriados
Trog

Shops:
D:5 }


Innate Abilities, Weirdness & Mutations

Your experience applies equally to all skills.
You have very sharp teeth.
Your uncanny sense of smell can sniff out nearby items.


Message History

* * * LOW HITPOINT WARNING * * *
You hit the orc priest. You burn the orc priest.
The orc priest is severely wounded.
The orc closely misses you. You block the orc priest's attack.
You hit the orc priest. You burn the orc priest. You bite the orc priest.
The orc priest is almost dead.
The orc hits you with a +0 mace.
* * * LOW HITPOINT WARNING * * *
The orc priest barely misses you.
Unknown command.
You hit the orc priest. You burn the orc priest.
You kill the orc priest!
Cheibriados thoroughly appreciates the change of pace.
The orc hits you with a +0 mace.
* * * LOW HITPOINT WARNING * * *
Unknown command.
You hit the orc. You burn the orc. Your bite misses the orc.
The orc is almost dead.
The orc hits you with a +0 mace.
You die...

..................####
...^.................#
.....................#
.....##..............#
...#.##..............#
..##.# ########......#
.....# #......# ######
#......# # #.@)...# #
#)o)...# #......#
#......# ########


You could see an orc.

Vanquished Creatures
  3 orc priests
  An orc wizard (D:4)
  2 worker ants
  3 gnolls (D:3)
  7 adders
  2 worms
  4 dart slugs
  2 leopard geckos
  7 orcs
  2 giant cockroaches
  7 goblins
  8 hobgoblins
  2 jackals (D:2)
  A quokka (D:3)
  A ball python (D:3)
  3 bats (D:1)
  5 frilled lizards
  7 kobolds
  4 rats
71 creatures vanquished.

Notes
Turn   | Place    | Note
-------+----------+-------------------------------------------
     0 | D:5      | Reached skill level 9 in Stealth
     0 | D:5      | tilp the Gnoll Delver began the quest for the Orb.
     0 | D:5      | Reached XP level 1. HP: 23/23 MP: 1/1
    19 | D:5      | Got an ancient leather armour
    30 | D:5      | Identified the cursed +1 leather armour of Pride {*Drain
                  | rPois Str+4} (You found it on level 5 of the Dungeon)
   376 | D:1      | Reached XP level 2. HP: 29/29 MP: 2/2
   799 | D:1      | Reached XP level 3. HP: 35/35 MP: 3/3
  1212 | D:2      | Reached skill level 1 in Invocations
  1242 | D:2      | You fall into a shaft and drop 2 floors!
  1274 | D:5      | Found Xomosuli's Gadget Shoppe.
  1365 | D:3      | Reached skill level 1 in Short Blades
  1365 | D:3      | Reached skill level 1 in Long Blades
  1365 | D:3      | Reached skill level 1 in Axes
  1365 | D:3      | Reached skill level 1 in Polearms
  1365 | D:3      | Reached skill level 1 in Staves
  1365 | D:3      | Reached skill level 1 in Slings
  1365 | D:3      | Reached skill level 1 in Bows
  1365 | D:3      | Reached skill level 1 in Crossbows
  1365 | D:3      | Reached skill level 1 in Throwing
  1365 | D:3      | Reached skill level 1 in Armour
  1365 | D:3      | Reached skill level 1 in Shields
  1365 | D:3      | Reached skill level 1 in Unarmed Combat
  1365 | D:3      | Reached skill level 1 in Spellcasting
  1365 | D:3      | Reached skill level 1 in Evocations
  1404 | D:3      | Reached XP level 4. HP: 18/41 MP: 5/5
  1885 | D:2      | Reached skill level 1 in Conjurations
  1885 | D:2      | Reached skill level 1 in Hexes
  1885 | D:2      | Reached skill level 1 in Summonings
  1885 | D:2      | Reached skill level 1 in Necromancy
  1885 | D:2      | Reached skill level 1 in Translocations
  1885 | D:2      | Reached skill level 1 in Transmutations
  1885 | D:2      | Reached skill level 1 in Fire Magic
  1885 | D:2      | Reached skill level 1 in Ice Magic
  1885 | D:2      | Reached skill level 1 in Air Magic
  1885 | D:2      | Reached skill level 1 in Earth Magic
  1885 | D:2      | Reached skill level 1 in Poison Magic
  2357 | D:3      | Found a bloodstained altar of Trog.
  2426 | D:3      | Found a snail-covered altar of Cheibriados.
  2432 | D:3      | Became a worshipper of Cheibriados the Contemplative
  2466 | D:3      | Reached XP level 5. HP: 47/47 MP: 6/6
  3319 | D:4      | Reached XP level 6. HP: 50/53 MP: 8/8
  3462 | D:4      | Reached * piety under Cheibriados
  3735 | D:4      | Reached skill level 5 in Maces & Flails
  3735 | D:4      | Reached skill level 5 in Dodging
  3742 | D:4      | Slain by an orc

Illustrated notes

Levels and vault maps discovered:
D:1:      nicolae_arrival_memento_mori, layout_loops_ring, minmay_tetromino_o4
D:2:      layout_basic
D:3:      layout_basic, general_overflow_altar, lemuel_crystal_altar
D:4:      layout_basic
D:5:      layout_rooms, gammafunk_temple_overflow_elements, serial_shops, shop

Skill      XL: |  1  2  3  4  5  6 |
---------------+-------------------+-----
Stealth        | |  9.7
Invocations    | 1 2 |  2.2
Short Blades   | 1 2 |  2.0
Long Blades    | 1 2 |  2.0
Axes           | 1 2 |  2.0
Polearms       | 1 2 |  2.0
Staves         | 1 2 |  2.0
Slings         | 1 2 |  2.0
Bows           | 1 2 |  2.0
Crossbows      | 1 2 |  2.0
Throwing       | 1 2 |  2.0
Armour         | 1 2 |  2.0
Shields        | 1 2 |  2.0
Unarmed Combat | 1 2 |  2.0
Spellcasting   | 1 2 |  2.0
Evocations     | 1 2 |  2.0
Conjurations   | 1 |  1.6
Hexes          | 1 |  1.6
Summonings     | 1 |  1.6
Necromancy     | 1 |  1.6
Translocations | 1 |  1.6
Transmutations | 1 |  1.6
Fire Magic     | 1 |  1.6
Ice Magic      | 1 |  1.6
Air Magic      | 1 |  1.6
Earth Magic    | 1 |  1.6
Poison Magic   | 1 |  1.6
Maces & Flails | 5 |  5.0
Dodging        | 5 |  5.0
Fighting       | |  6.8

Action                   |  1- 3 |  4- 6 || total
-------------------------+-------+-------++-------
Melee: Mace              |    92 |    27 ||   119
       Bite              |     8 |    13 ||    21
       Dagger            |       |   130 ||   130
Throw: Stone             |     4 |       ||     4
       Dart              |       |     3 ||     3
  Use: Scroll            |     2 |     6 ||     8
 Stab: Sleeping          |    10 |     9 ||    19
Armor: Leather armour    |    18 |    42 ||    60
Dodge: Dodged            |    41 |    79 ||   120
Block: Kite shield       |    28 |    78 ||   106

Table legend: (Time is in decaauts)
 A = Elapsed time spent in this place.
 B = Non-inter-level travel time spent in this place.
 C = Inter-level travel time spent in this place.
 D = Time resting spent in this place.
 E = Time spent auto-exploring this place.
 F = Levels seen in this place.
 G = Mean time per level.
                   A        B        C        D        E       F      G
               +--------+--------+--------+--------+--------+-----+--------+
         Total |   4029 |   3883 |    146 |    704 |   2194 |   5 |  805.8 |
       Dungeon |   4029 |   3883 |    146 |    704 |   2194 |   5 |  805.8 |
               +--------+--------+--------+--------+--------+-----+--------+

Top non-repeatable levels by time:
     D:3: 1624 daAuts
     D:1: 930 daAuts
     D:2: 742 daAuts
     D:4: 649 daAuts
     D:5: 83 daAuts
